 Dungeon Crawl Stone Soup version 0.29-a0-1009-g60c99734e7 (webtiles) character file.

Game seed: 8201308963231317225

10471 Lozmo the Blocker (level 11, -15/84 HPs)
             Began as a Gnoll Wanderer on Aug 8, 2022.
             Was a High Priest of Qazlal.
             Demolished by a two-headed ogre
             ... wielding a +0 giant spiked club
              (26 damage)
             ... on level 11 of the Dungeon.
             The game lasted 00:46:14 (10920 turns).

Lozmo the Blocker (Gnoll Wanderer)                 Turns: 10920, Time: 00:46:14

Health: -15/84     AC: 21    Str: 12    XL:     11   Next: 62%
Magic:  21/21      EV:  8    Int: 12    God:    Qazlal [*****.]
Gold:   435        SH: 15    Dex: 18    Spells: 23/23 levels left

rFire   + . .      SeeInvis .   l - +6 shillelagh "Devastator" {shatter}
rCold   . . .      Faith    .   b - +2 buckler
rNeg    . . .      Spirit   .   h - +0 chain mail {rF+}
rPois   .          Reflect  .   P - +2 helmet {Int+3}
rElec   .          Harm     .   (no cloak)
rCorr   .          Rampage  .   (no gloves)
Will    .....                   (no boots)
Stlth   +.........              (no amulet)
HPRegen 0.24/turn               p - +4 ring of protection
MPRegen 0.17/turn               (no ring)

@: protected from physical damage, repel missiles
A: fangs 1, strong nose, distributed training
a: Renounce Religion, Upheaval, Elemental Force, Disaster Area


You were on level 11 of the Dungeon.
You worshipped Qazlal.
Qazlal was extremely pleased with you.
You visited 1 branch of the dungeon, and saw 9 of its levels.

You collected 435 gold pieces.

Inventory:

Hand Weapons
 l - the +6 shillelagh "Devastator" (weapon) {shatter}
   (You found it on level 4 of the Dungeon)

   It releases a powerful concussive burst when it strikes, dealing extra damage
   to the target and all other foes adjacent to them.
 w - a +4 quarterstaff of chaos
 E - a +4 scimitar of freezing
Missiles
 g - 30 poisoned darts
 A - a throwing net (quivered)
Armour
 b - a +2 buckler (worn)
 h - a +0 chain mail of fire resistance (worn)
 o - a scarf of shadows
 x - a +0 leather armour
 M - +0 acid dragon scales
 P - a +2 helmet of intelligence (worn)
Jewellery
 p - a +4 ring of protection (left hand)
 F - a ring of poison resistance
Wands
 a - a wand of flame (9)
 y - a wand of roots (5)
 H - a wand of paralysis (4)
 J - a wand of polymorph (6)
 O - a wand of digging (2)
Scrolls
 j - 2 scrolls of teleportation
 r - 2 scrolls of poison
 u - 2 scrolls of vulnerability
 z - a scroll of fear
 C - 3 scrolls of blinking
 G - a scroll of enchant armour
 K - a scroll of immolation {unknown}
Potions
 d - 3 potions of attraction
 n - a potion of haste
 s - a potion of invisibility
 B - a potion of might
 I - a potion of degeneration {unknown}
 L - a potion of curing
 N - a potion of magic
Miscellaneous
 m - a lightning rod (4/4)


   Skills:
 + Level 7.2 Fighting
 + Level 7.2 Short Blades
 + Level 6.7 Long Blades
 + Level 6.7 Axes
 + Level 6.7 Maces & Flails
 + Level 6.7 Polearms
 + Level 6.7 Staves
 + Level 6.7 Ranged Weapons
 + Level 6.7 Throwing
 + Level 9.5 Armour
 + Level 6.7 Dodging
 + Level 8.0 Stealth
 + Level 9.5 Shields
 + Level 6.7 Unarmed Combat
 + Level 6.7 Spellcasting
 + Level 5.5 Conjurations
 + Level 5.5 Hexes
 + Level 5.5 Summonings
 + Level 5.5 Necromancy
 + Level 5.5 Translocations
 + Level 5.5 Transmutations
 + Level 5.5 Fire Magic
 + Level 5.5 Ice Magic
 + Level 5.5 Air Magic
 + Level 5.5 Earth Magic
 + Level 5.5 Poison Magic
 + Level 7.3 Invocations
 + Level 6.7 Evocations


You had 23 spell levels left.
You didn't know any spells.
Your spell library contained the following spells:

 Spells                   Type           Power      Damage    Failure   Level
 Necrotise                Necr           68%        1d7       41%         1
 Sting                    Tmut/Pois      68%        1d6       41%         1
 Poisonous Vapours        Pois/Air       34%        N/A       54%         2
 Conjure Flame            Conj/Fire      17%        6-21      78%         3
 Ignite Poison            Fire/Tmut/Pois 17%        N/A       78%         3
 Vampiric Draining        Necr           17%        2d7       78%         3
 Animate Dead             Necr           17%        N/A       99%         4
 Olgreb's Toxic Radiance  Pois           17%        N/A       99%         4
 Passage of Golubria      Tloc           17%        N/A       99%         4
 Sticky Flame             Conj/Fire      17%        2d4       99%         4
 Agony                    Necr           17%        N/A       100%        5
 Silence                  Hex/Air        8%         N/A       100%        5
 Haunt                    Necr/Summ      8%         N/A       100%        7
 Infestation              Necr           8%         N/A       100%        8
 Lehudib's Crystal Spear  Conj/Erth      8%         10d4      100%        8


Dungeon Overview and Level Annotations

Branches:
Dungeon (11/15)
 Temple: D:4-7         Lair: D:8-11         Orc: D:9-12

Altars:
Qazlal
Ru
Zin

Shops:
D:8 [


Innate Abilities, Weirdness & Mutations

You have very sharp teeth.
Your uncanny sense of smell can sniff out nearby items.
Your experience applies equally to all skills.


Message History

You sock the wyvern!
The wyvern and the wolf shudder.
The wyvern is heavily wounded.
The wolf is moderately wounded.
The wyvern is heavily wounded.
You block the wyvern's attack. The wyvern bites you.
* * * LOW HITPOINT WARNING * * *
You hit the wyvern.
The wyvern, the orc priest and the wolf shudder.
The orc priest is moderately wounded.
The wolf is almost dead.
The wyvern is severely wounded.
The wyvern bites you but does no damage.
You sock the wyvern!
The wyvern, the orc priest and the wolf shudder.
You kill the wyvern!
Qazlal accepts your kill.
You kill the orc priest!
Qazlal accepts your kill.
You kill the wolf!
Qazlal accepts your kill.
You feel better.
You hit the two-headed ogre.
The two-headed ogre shudders.
The two-headed ogre is moderately wounded.
You bite the two-headed ogre.
The two-headed ogre is heavily wounded.
The two-headed ogre hits you with a +0 giant spiked club!
* * * LOW HITPOINT WARNING * * *
You block the two-headed ogre's attack.
You hit the two-headed ogre.
The two-headed ogre shudders.
The two-headed ogre is heavily wounded. x2
The two-headed ogre hits you with a +0 giant spiked club!
* * * LOW HITPOINT WARNING * * *
You block the two-headed ogre's attack.
You barely miss the two-headed ogre.
The two-headed ogre is heavily wounded.
You hit the two-headed ogre.
The two-headed ogre and the orc warrior shudder.
The two-headed ogre is severely wounded. x2
The two-headed ogre hits you with a +0 giant spiked club!!
You die...

#l## ####'#### #..# #.#
##o# #.# #####T### ##.#
#...oo..#### #..#
#.......'..# ####'#####
.............####.○......#
...~.~......oT)##○°......#
.~.~........##oO@........#
.≈.~~~≈.S...#####[§......#
~≈≈.≈≈≈~~...# #........#
~≈≈≈o≈≈≈≈~.S# #........#
≈≈~o~≈h≈≈~≈# #####+####
~.~T≈≈≈≈≈# ...~~≈≈≈≈#


You could see a two-headed ogre, a troll, an orc warrior and an orc.

Vanquished Creatures
  2 boulder beetles
  A two-headed ogre (D:8)
  The ghost of nmsoi the Destroyer, a novice DECj of Vehumet (D:7)
  A komodo dragon (D:10)
  3 trolls
  A shadow (D:9)
  17 yaks
  4 wyverns
  An acid dragon (D:10)
  2 water moccasins (D:7)
  4 orc warriors
  An ice beast (D:8)
  A sky beast (D:7)
  3 ogres (D:7)
  4 centaurs
  4 wolves (D:11)
  4 kobold brigands
  2 bullfrogs (D:7)
  A scorpion (D:4)
  5 wights (D:8)
  12 killer bees (D:9)
  4 howler monkeys (D:10)
  3 hounds
  Crazy Yiuf (D:2)
  3 jellies
  7 orc priests
  An iguana (D:4)
  7 orc wizards
  Terence (D:3)
  7 gnolls (D:7)
  8 adders
  A white imp (D:7)
  An ufetubus (D:7)
  A worm (D:2)
  27 orcs
  9 endoplasms
  6 giant cockroaches
  8 goblins
  12 hobgoblins
  3 jackals (D:4)
  3 quokkas
  3 bats
  5 frilled lizards
  18 kobolds
  7 rats
  A bush (D:1)
221 creatures vanquished.

Vanquished Creatures (collateral kills)
  2 ogres (D:4)
2 creatures vanquished.

Vanquished Creatures (others)
  22 plants
22 creatures vanquished.

Grand Total: 245 creatures vanquished

Notes
Turn   | Place    | Note
-------+----------+-------------------------------------------
     0 | D:1      | Lozmo the Gnoll Wanderer began the quest for the Orb.
     0 | D:1      | Lozmo set off with the following items: a +0 short sword, a
                  | +2 buckler, a +0 helmet, a potion of attraction, a +0 robe.
     0 | D:1      | Reached XP level 1. HP: 17/17 MP: 1/1
   109 | D:1      | Found a faded altar of an unknown god.
   114 | D:1      | Prayed at the altar of an unknown god.
   114 | D:1      | Became a worshipper of Qazlal Stormbringer
   114 | D:1      | Reached * piety under Qazlal
   681 | D:1      | Reached XP level 2. HP: 11/23 MP: 2/2
  1824 | D:2      | Reached XP level 3. HP: 23/28 MP: 2/4
  1903 | D:2      | Reached skill level 1 in Invocations
  2077 | D:2      | Reached skill level 1 in Long Blades
  2077 | D:2      | Reached skill level 1 in Axes
  2077 | D:2      | Reached skill level 1 in Maces & Flails
  2077 | D:2      | Reached skill level 1 in Polearms
  2077 | D:2      | Reached skill level 1 in Staves
  2077 | D:2      | Reached skill level 1 in Ranged Weapons
  2077 | D:2      | Reached skill level 1 in Throwing
  2077 | D:2      | Reached skill level 1 in Dodging
  2077 | D:2      | Reached skill level 1 in Unarmed Combat
  2077 | D:2      | Reached skill level 1 in Spellcasting
  2077 | D:2      | Reached skill level 1 in Evocations
  2240 | D:2      | Reached ** piety under Qazlal
  2274 | D:2      | Reached XP level 4. HP: 27/34 MP: 5/5
  2447 | D:2      | Reached skill level 1 in Conjurations
  2447 | D:2      | Reached skill level 1 in Hexes
  2447 | D:2      | Reached skill level 1 in Summonings
  2447 | D:2      | Reached skill level 1 in Necromancy
  2447 | D:2      | Reached skill level 1 in Translocations
  2447 | D:2      | Reached skill level 1 in Transmutations
  2447 | D:2      | Reached skill level 1 in Fire Magic
  2447 | D:2      | Reached skill level 1 in Ice Magic
  2447 | D:2      | Reached skill level 1 in Air Magic
  2447 | D:2      | Reached skill level 1 in Earth Magic
  2447 | D:2      | Reached skill level 1 in Poison Magic
  2976 | D:2      | Found a runed translucent door.
  2977 | D:2      | Noticed Crazy Yiuf
  3098 | D:2      | Killed Crazy Yiuf
  3627 | D:3      | Reached XP level 5. HP: 40/40 MP: 7/7
  3646 | D:3      | Noticed Terence
  3656 | D:3      | Killed Terence
  3840 | D:3      | Found a sacrificial altar of Ru.
  4031 | D:3      | You fall into a shaft and drop 1 floor!
  4178 | D:4      | Reached XP level 6. HP: 19/47 MP: 8/8
  4183 | D:4      | HP: 1/47 [iguana (7)]
  4516 | D:4      | Reached XP level 7. HP: 7/52 MP: 10/10
  4665 | D:4      | Found the +6 shillelagh "Devastator" {shatter}
  4672 | D:4      | Reached *** piety under Qazlal
  5110 | D:4      | You fall into a shaft and drop 3 floors!
  5146 | D:7      | Reached skill level 5 in Stealth
  5209 | D:7      | Found a transporter.
  5209 | D:7      | Noticed nmsoi's ghost (novice DECj)
  5221 | D:7      | Found a transporter.
  5232 | D:7      | Reached XP level 8. HP: 27/60 MP: 12/12
  5249 | D:7      | Killed nmsoi's ghost
  5764 | D:7      | Reached XP level 9. HP: 67/67 MP: 13/15
  5968 | D:7      | Noticed a troll
  5982 | D:7      | Killed a troll
  5983 | D:7      | Reached skill level 5 in Fighting
  5983 | D:7      | Reached skill level 5 in Short Blades
  7058 | D:8      | Reached skill level 5 in Invocations
  7176 | D:8      | Noticed a two-headed ogre
  7183 | D:8      | Killed a two-headed ogre
  7295 | D:8      | Found Maoghoh's Antique Armour Boutique.
  7312 | D:8      | Reached skill level 5 in Long Blades
  7312 | D:8      | Reached skill level 5 in Axes
  7312 | D:8      | Reached skill level 5 in Maces & Flails
  7312 | D:8      | Reached skill level 5 in Polearms
  7312 | D:8      | Reached skill level 5 in Staves
  7312 | D:8      | Reached skill level 5 in Ranged Weapons
  7312 | D:8      | Reached skill level 5 in Throwing
  7312 | D:8      | Reached skill level 5 in Dodging
  7312 | D:8      | Reached skill level 5 in Unarmed Combat
  7312 | D:8      | Reached skill level 5 in Spellcasting
  7312 | D:8      | Reached skill level 5 in Evocations
  7312 | D:8      | Reached XP level 10. HP: 68/76 MP: 17/17
  7522 | D:8      | Reached **** piety under Qazlal
  7596 | D:8      | Found a glowing silver altar of Zin.
  8406 | D:9      | Noticed a boulder beetle
  8417 | D:9      | Killed a boulder beetle
  8956 | D:9      | Reached skill level 5 in Conjurations
  8956 | D:9      | Reached skill level 5 in Hexes
  8956 | D:9      | Reached skill level 5 in Summonings
  8956 | D:9      | Reached skill level 5 in Necromancy
  8956 | D:9      | Reached skill level 5 in Translocations
  8956 | D:9      | Reached skill level 5 in Transmutations
  8956 | D:9      | Reached skill level 5 in Fire Magic
  8956 | D:9      | Reached skill level 5 in Ice Magic
  8956 | D:9      | Reached skill level 5 in Air Magic
  8956 | D:9      | Reached skill level 5 in Earth Magic
  8956 | D:9      | Reached skill level 5 in Poison Magic
  9218 | D:9      | Reached XP level 11. HP: 83/83 MP: 20/20
  9420 | D:10     | Entered Level 10 of the Dungeon
  9749 | D:10     | Reached ***** piety under Qazlal
  9751 | D:10     | Noticed a boulder beetle
  9783 | D:10     | Killed a boulder beetle
 10900 | D:11     | Noticed a two-headed ogre
 10920 | D:11     | Demolished by a two-headed ogre

Illustrated notes

Levels and vault maps discovered:
D:1:      spicycebolla_arrival_risky_transporter, layout_loops_cross,
          serial_forest, infiniplex_forest_fountain, infiniplex_forest_clump_C,
          infiniplex_forest_straight_3, infiniplex_forest_clump_cross,
          infiniplex_forest_zigzag_1, infiniplex_forest_straight_3,
          infiniplex_forest_fountain, infiniplex_forest_side_room,
          chequers_ecumenical_altar_simple_redux, minmay_misc_feat_plants,
          minmay_unequal
D:2:      layout_basic, serial_forest, infiniplex_forest_lined_2,
          infiniplex_forest_clump_curved, infiniplex_forest_straight_2,
          infiniplex_forest_end_3, infiniplex_forest_end_double,
          infiniplex_forest_end_1, infiniplex_forest_end_2,
          uniq_crazy_yiuf_cottage
D:3:      layout_loops_ring, nicolae_ru_great_annihilating_truth, serial_forest,
          infiniplex_forest_end_double, infiniplex_forest_clump_double,
          infiniplex_forest_end_2, infiniplex_forest_clump_diagonal,
          infiniplex_forest_pool, infiniplex_forest_end_2,
          infiniplex_forest_zigzag_1, infiniplex_forest_clump_double,
          infiniplex_forest_side_room, infiniplex_forest_clump_double,
          minmay_circle_x, uniq_sigmund, uniq_terence
D:4:      layout_rooms, dilly_guarded_unrand_devastator
D:7:      layout_cave_pods, gammafunk_ghost_smash
D:8:      layout_basic, lemuel_doored_altar, serial_shops, kennysheep_mini_moat
D:9:      layout_stronghold, nzn_sisyphean_effort
D:10:     layout_roguey
D:11:     layout_roguey, erik_lair_island, minmay_statues_item, st_stairs_11,
          centaur_isle

Skill      XL: |  1  2  3  4  5  6  7  8  9 10 11 |
---------------+----------------------------------+-----
Invocations    | 1 2 3 4 5 6 7 |  7.3
Long Blades    | 1 2 3 4 5 6 |  6.7
Axes           | 1 2 3 4 5 6 |  6.7
Maces & Flails | 1 2 3 4 5 6 |  6.7
Polearms       | 1 2 3 4 5 6 |  6.7
Staves         | 1 2 3 4 5 6 |  6.7
Ranged Weapons | 1 2 3 4 5 6 |  6.7
Throwing       | 1 2 3 4 5 6 |  6.7
Dodging        | 1 2 3 4 5 6 |  6.7
Unarmed Combat | 1 2 3 4 5 6 |  6.7
Spellcasting   | 1 2 3 4 5 6 |  6.7
Evocations     | 1 2 3 4 5 6 |  6.7
Conjurations   | 1 2 3 4 5 |  5.5
Hexes          | 1 2 3 4 5 |  5.5
Summonings     | 1 2 3 4 5 |  5.5
Necromancy     | 1 2 3 4 5 |  5.5
Translocations | 1 2 3 4 5 |  5.5
Transmutations | 1 2 3 4 5 |  5.5
Fire Magic     | 1 2 3 4 5 |  5.5
Ice Magic      | 1 2 3 4 5 |  5.5
Air Magic      | 1 2 3 4 5 |  5.5
Earth Magic    | 1 2 3 4 5 |  5.5
Poison Magic   | 1 2 3 4 5 |  5.5
Fighting       | 3 4 5 6 7 |  7.2
Short Blades   | 3 4 5 6 7 |  7.2
Armour         | 7 8 9 |  9.5
Shields        | 7 8 9 |  9.5
Stealth        | 5 6 7 8 |  8.0

Action                   |  1- 3 |  4- 6 |  7- 9 | 10-12 || total
-------------------------+-------+-------+-------+-------++-------
Melee: Short sword       |   405 |       |       |       ||   405
       Bite              |    81 |    23 |    13 |    25 ||   142
       Hand axe          |    64 |   149 |     3 |       ||   216
       Shillelagh        |       |       |   109 |   216 ||   325
Throw: Throwing net      |       |       |     1 |       ||     1
  Use: Scroll            |     1 |     3 |     1 |     7 ||    12
       Potion            |       |     2 |     2 |     3 ||     7
 Stab: Held in net/web   |       |       |     1 |       ||     1
Armor: Robe              |    50 |     9 |       |       ||    59
       Leather armour    |       |    31 |     1 |       ||    32
       Chain mail        |       |       |    41 |   102 ||   143
Dodge: Dodged            |    73 |    54 |    26 |    78 ||   231
       Repelled          |       |       |       |     2 ||     2
Block: Buckler           |    92 |    98 |    59 |   185 ||   434

Table legend: (Time is in decaauts)
 A = Elapsed time spent in this place.
 B = Non-inter-level travel time spent in this place.
 C = Inter-level travel time spent in this place.
 D = Time resting spent in this place.
 E = Time spent auto-exploring this place.
 F = Levels seen in this place.
 G = Mean time per level.
                   A        B        C        D        E       F      G
               +--------+--------+--------+--------+--------+-----+--------+
         Total |  11006 |  10731 |    275 |   1711 |   5568 |   9 | 1222.9 |
       Dungeon |  11006 |  10731 |    275 |   1711 |   5568 |   9 | 1222.9 |
               +--------+--------+--------+--------+--------+-----+--------+

Top non-repeatable levels by time:
     D:2: 1950 daAuts
     D:7: 1817 daAuts
     D:1: 1702 daAuts
     D:9: 1426 daAuts
    D:10: 1138 daAuts
     D:4: 1096 daAuts
     D:8: 1085 daAuts
     D:3: 427 daAuts
    D:11: 362 daAuts
